 Dungeon Crawl Stone Soup version 0.27-a0-789-g6bb3289e1e (webtiles) character file.

Game seed: 1261339488618768311

42742 wakim the Nimble (level 14, -4/116 HPs)
             Began as a Merfolk Gladiator on Mar 26, 2021.
             Was a High Priest of Zin.
             Killed by divine providence
             ... invoked by a meliai
              (15 damage)
             ... on level 12 of the Dungeon.
             The game lasted 01:21:52 (24989 turns).

wakim the Nimble (Merfolk Gladiator)               Turns: 24989, Time: 01:21:53

Health: -4/116     AC: 14    Str: 30    XL:     14   Next: 21%
Magic:  21/21      EV: 20    Int: 13    God:    Zin [*****.]
Gold:   710        SH: 13    Dex: 18    Spells: 13/13 levels left

rFire    . . .     SeeInvis +   a - +4 trident of the Thing {freeze, rElec rN+ Str+4}
rCold    . . .     Faith    .   c - +0 kite shield
rNeg     + . .     Spirit   .   f - +3 leather armour
rPois    ∞         Reflect  .   Q - +2 helmet {SInv}
rElec    +         Harm     .   h - scarf {repulsion}
rCorr    +         Rampage  .   k - +1 pair of gloves
Will     +....                  j - +1 pair of boots
Stlth    +++.......             C - amulet of regeneration
HPRegen  1.29/turn              o - ring of resist corrosion
MPRegen  0.17/turn              v - +6 ring of strength

@: vitalised, slowed, repel missiles, very slow
A: (nimble swimmer 2), mertail
a: Renounce Religion, Recite, Vitalisation, Imprison, Sanctuary, Donate Gold


You were on level 12 of the Dungeon.
You worshipped Zin.
Zin was extremely pleased with you.
You visited 4 branches of the dungeon, and saw 21 of its levels.

You collected 1086 gold pieces.
You spent 268 gold pieces at shops.
You donated 108 gold pieces to Zin.

Inventory:

Hand Weapons
 a - the +4 trident of the Thing (weapon) {freeze, rElec rN+ Str+4}
   (You took it off a spriggan rider on level 3 of the Lair of Beasts)

   It has been specially enchanted to freeze those struck by it, causing extra
   injury to most foes and up to half again as much damage against particularly
   susceptible opponents.
   It can also slow down cold-blooded creatures.
   It affects your strength (+4).
   It insulates you from electricity.
   It protects you from negative energy.
 b - a +2 hunting sling of freezing
 K - a +2 spear of venom
Missiles
 e - 2 boomerangs of dispersal
 l - 83 sling bullets
 m - 16 boomerangs
 q - 14 javelins
 u - 3 throwing nets
 F - 4 curare-tipped darts
Armour
 c - a +0 kite shield (worn)
 f - a +3 leather armour (worn)
 h - a scarf of repulsion (worn)
 j - a +1 pair of boots (worn)
 k - a +1 pair of gloves (worn)
 x - a +0 leather armour of poison resistance
 P - +0 acid dragon scales
 Q - a +2 helmet of see invisible (worn)
Jewellery
 n - an amulet of the acrobat
 o - a ring of resist corrosion (right hand)
 t - an amulet of reflection
 v - a +6 ring of strength (left hand)
 z - a +4 ring of protection
 C - an amulet of regeneration (around neck)
 D - an amulet of magic regeneration
Wands
 d - a wand of digging (15)
 i - a wand of iceblast (31) (quivered)
 p - a wand of paralysis (2)
 y - a wand of mindburst (8)
Scrolls
 g - 2 scrolls of enchant armour
 s - 2 scrolls of amnesia
 A - 4 scrolls of enchant weapon
 E - 3 scrolls of fear
 O - a scroll of silence
 S - a scroll of summoning
 X - a scroll of magic mapping {@r4}
 Y - 3 scrolls of teleportation {@r3}
 Z - 12 scrolls of identify {@r1}
Potions
 B - 3 potions of brilliance
 G - 2 potions of ambrosia
 H - 4 potions of haste
 I - a potion of invisibility
 J - a potion of curing {@q1}
 L - 5 potions of flight
 M - 2 potions of might
 N - a potion of heal wounds {@q2}
 R - a potion of resistance
 T - 2 potions of berserk rage
Miscellaneous
 w - a phial of floods


   Skills:
 + Level 12.3 Fighting
 - Level 14.0 Polearms
 - Level 2.0 Throwing
 + Level 5.3 Armour
 + Level 14.8 Dodging
 + Level 5.7 Stealth
 - Level 10.0 Shields
 * Level 9.4 Invocations


You had 13 spell levels left.
You didn't know any spells.
Your spell library contained the following spells:

 Spells                   Type           Power      Damage    Failure   Level
 Apportation              Tloc           0%         N/A       54%         1
 Corona                   Hex            0%         N/A       54%         1
 Foxfire                  Conj/Fire      0%         2x1d4     54%         1
 Magic Dart               Conj           0%         1d3       54%         1
 Blink                    Tloc           N/A        N/A       69%         2
 Call Imp                 Summ           0%         N/A       69%         2
 Slow                     Hex            0%         N/A       69%         2
 Conjure Flame            Conj/Fire      0%         6-21      89%         3
 Ignite Poison            Fire/Tmut/Pois 0%         N/A       89%         3
 Inner Flame              Hex/Fire       0%         N/A       89%         3
 Lesser Beckoning         Tloc           0%         N/A       89%         3
 Mephitic Cloud           Conj/Pois/Air  0%         N/A       89%         3
 Portal Projectile        Hex/Tloc       0%         N/A       89%         3
 Tukima's Dance           Hex            0%         N/A       89%         3
 Cause Fear               Hex            0%         N/A       100%        4
 Leda's Liquefaction      Hex/Erth       0%         N/A       100%        4
 Sticky Flame             Conj/Fire      0%         2d3       100%        4
 Alistair's Intoxication  Tmut/Pois      0%         N/A       100%        5
 Fireball                 Conj/Fire      0%         3d3       100%        5
 Invisibility             Hex            0%         N/A       100%        6
 Starburst                Conj/Fire      0%         8x6d3     100%        6
 Ignition                 Fire           0%         3d3       100%        8


Dungeon Overview and Level Annotations

Branches:
Dungeon (12/15)            Temple (1/1) D:7            Lair (6/6) D:8
  Swamp (0/4) Lair:4       Spider (0/4) Lair:3          Orc (2/2) D:10
  Slime: Lair:5-6       Elf: Orc:2

Altars:
Ashenzari
Elyvilon
Fedhas
Gozag
Kikubaaqudgha
Makhleb
Okawaru
Ru
Vehumet
Zin

Shops:
D:1 *

Annotations:
Lair:5 exclusion: 2 oklob plants


Innate Abilities, Weirdness & Mutations

((You are quick and stealthy while swimming. (Stealth+, EV+, Speed+++)))
Your lower body shifts to a powerful aquatic tail in water.


Message History

The meliai buzzes angrily.
The meliai is limned with silver light.
You finish reciting Apostates 23:45.
The meliai barely misses the human.
The meliai calls down the wrath of its god upon you.
Something smites you!
The meliai hits the human with a +0 hand axe.
The meliai closely misses the human.
The meliai stings you.
You hit the meliai. You freeze the meliai.
The meliai is moderately wounded.
The meliai barely misses the human.
The meliai hits the human with a +0 hand axe. x2
The human hits the meliai.
The meliai hits you with a +0 hand axe.
The meliai hits the human with a +0 hand axe.
You hit the meliai. You freeze the meliai.
The meliai is heavily wounded.
The meliai hits the human with a +0 hand axe.
The human dies!
The meliai hits you with a +0 hand axe. The meliai hits you with a +0 war axe!
* * * LOW HITPOINT WARNING * * *
The meliai stings you.
* * * LOW HITPOINT WARNING * * *
You completely miss the meliai.
The meliai is heavily wounded.
The meliai hits you with a +0 hand axe!
* * * LOW HITPOINT WARNING * * *
The meliai hits you with a +0 war axe!
* * * LOW HITPOINT WARNING * * *
The meliai calls down the wrath of its god upon you.
Something smites you!
* * * LOW HITPOINT WARNING * * *
The meliai calls upon its god to heal the meliai.
The meliai is healed somewhat.
You see here a human corpse.
Okay, then.
You fail to use your ability.
You are ready to recite again.
The meliai invokes the aid of its god against you.
Something smites you!
You die...

### ..#
#.# ..#
#.. #.#
.######.##
......yyy#
#.
#######@.#
#. ##...#
#. #....#
#. #....#
#. #.##.#
#. #.##.#
#.
#.##.#####
#.
#.##.....#
#.
#.######.#
##.


You could see 3 meliai.

Vanquished Creatures
  Gastronok (D:8)
  Kirke (D:12)
  A hydra (D:8)
  The ghost of Luytoaf the Nimble, a journeyman DECj of Vehumet (Lair:3)
  3 death yaks (D:8)
  3 two-headed ogres
  Pikel (D:7)
  A bog body (Lair:4)
  An orc knight (D:10)
  An ugly thing (D:12)
  A manticore (D:11)
  A centaur zombie (D:11)
  6 black mambas
  9 elephants
  A torpor snail (Lair:2)
  Joseph (D:7)
  10 cane toads
  A rime drake (Lair:1)
  6 komodo dragons
  2 polar bears
  A troll (D:6)
  2 hornets
  Prince Ribbit (D:7)
  16 blink frogs
  2 shadows
  6 dream sheep
  3 spriggans (Lair:3)
  A redback (Lair:3)
  A wraith (D:11)
  34 yaks
  Eustachio (D:5)
  Grum (D:10)
  4 wyverns
  3 basilisks
  3 steam dragons
  3 swamp worms (Lair:4)
  7 vampire mosquitoes
  Menkaure (D:7)
  An acid dragon (D:11)
  8 water moccasins
  9 orc warriors
  A hornet zombie (D:4)
  A sky beast (D:5)
  2 ice beasts
  8 black bears
  A necrophage (D:5)
  13 wolves
  2 ogres (D:5)
  A centaur (Lair:3)
  A phantom (D:5)
  3 lemures (D:7)
  3 kobold brigands
  14 bullfrogs
  A gnoll sergeant (D:5)
  A water moccasin zombie (D:5)
  4 scorpions
  A jelly (D:6)
  22 killer bees
  2 vampire bats (D:3)
  An electric eel (Lair:4)
  2 howler monkeys
  5 orc priests
  A bullfrog skeleton (D:5)
  4 hounds
  A gnoll shaman (D:8)
  Natasha (thrice) (D:3)
  2 iguanas
  14 orc wizards
  A hell rat (D:8)
  2 killer bee zombies
  13 gnolls
  4 adders
  3 river rats (D:8)
  2 adder skeletons (D:4)
  A worm (D:2)
  4 dart slugs
  73 orcs
  5 ball pythons
  9 bats
  3 bat skeletons (D:3)
  2 bat zombies (D:3)
  11 endoplasms
  3 goblins
  6 hobgoblins
  6 jackals
  13 kobolds
  4 quokkas
  A frilled lizard (D:2)
  5 rats
445 creatures vanquished.

Vanquished Creatures (others)
  3 humans (D:12)
  3 fungi (Lair:3)
  24 plants
30 creatures vanquished.

Grand Total: 475 creatures vanquished

Notes
Turn   | Place    | Note
-------+----------+-------------------------------------------
     0 | D:1      | wakim the Merfolk Gladiator began the quest for the Orb.
     0 | D:1      | Reached XP level 1. HP: 16/16 MP: 1/1
   438 | D:1      | Reached skill level 1 in Stealth
   438 | D:1      | Reached XP level 2. HP: 23/23 MP: 2/2
   687 | D:1      | Found Kuurekh Fegu's Assorted Antiques.
  1006 | D:1      | Reached skill level 5 in Polearms
  1025 | D:1      | Reached XP level 3. HP: 28/28 MP: 3/3
  1530 | D:2      | Reached XP level 4. HP: 34/34 MP: 4/4
  1712 | D:2      | Found a faded altar of an unknown god.
  1820 | D:2      | Became a worshipper of Zin the Law-Giver
  1820 | D:2      | Reached * piety under Zin
  2044 | D:2      | Reached ** piety under Zin
  2165 | D:3      | Reached XP level 5. HP: 41/41 MP: 5/5
  2437 | D:3      | Reached skill level 5 in Dodging
  2437 | D:3      | Reached skill level 1 in Invocations
  2654 | D:3      | Noticed Natasha
  2660 | D:3      | Killed Natasha
  2661 | D:3      | Reached XP level 6. HP: 42/47 MP: 6/6
  2685 | D:3      | Noticed Natasha
  2692 | D:3      | Killed Natasha
  2914 | D:3      | Noticed Natasha
  2927 | D:3      | Killed Natasha
  3044 | D:3      | Found an ancient bone altar of Kikubaaqudgha.
  3610 | D:4      | Found a burning altar of Makhleb.
  3685 | D:4      | Reached XP level 7. HP: 53/53 MP: 8/8
  5136 | D:5      | Entered Level 5 of the Dungeon
  5271 | D:5      | Reached XP level 8. HP: 40/61 MP: 8/10
  5481 | D:5      | Reached skill level 5 in Fighting
  5501 | D:5      | Reached skill level 10 in Polearms
  5922 | D:5      | Reached *** piety under Zin
  6111 | D:5      | Noticed Eustachio
  6128 | D:5      | Killed Eustachio
  6129 | D:5      | Reached XP level 9. HP: 69/69 MP: 11/11
  6134 | D:5      | Found an iron altar of Okawaru.
  6134 | D:5      | Found a broken altar of Ashenzari.
  6136 | D:5      | Found a blossoming altar of Fedhas.
  6400 | D:6      | Noticed a troll
  6843 | D:6      | Identified the +0 chain mail "Turuurch" {*Contam rF+ rCorr}
  6973 | D:1      | Bought a kite shield for 112 gold pieces
  7132 | D:6      | Found a sacrificial altar of Ru.
  7170 | D:6      | Reached skill level 1 in Shields
  7505 | D:6      | Killed a troll
  7807 | D:7      | Noticed Menkaure
  7814 | D:7      | Killed Menkaure
  7819 | D:7      | Noticed Prince Ribbit
  7828 | D:7      | Killed Prince Ribbit
  7870 | D:7      | Noticed Joseph
  8107 | D:7      | Killed Joseph
  8315 | D:7      | Found an opulent altar of Gozag.
  8395 | D:7      | Reached XP level 10. HP: 79/79 MP: 12/12
  8423 | D:7      | Noticed Pikel
  8496 | D:7      | Paralysed by Pikel for 7 turns
  8502 | D:7      | Killed Pikel
  8503 | D:7      | Reached skill level 5 in Shields
  8760 | D:7      | Found a staircase to the Ecumenical Temple.
  8767 | D:7      | Reached **** piety under Zin
  8776 | Temple   | Entered the Ecumenical Temple
  9249 | D:8      | Noticed a two-headed ogre
  9302 | D:8      | Killed a two-headed ogre
  9303 | D:8      | Reached skill level 10 in Dodging
  9303 | D:8      | Reached skill level 5 in Invocations
  9643 | D:8      | Found a staircase to the Lair.
  9643 | D:8      | Noticed a death yak
 10002 | D:8      | Noticed a death yak
 10138 | D:8      | Killed a death yak
 10410 | D:8      | Noticed a death yak
 10470 | D:8      | Killed a death yak
 10471 | D:8      | Reached XP level 11. HP: 79/87 MP: 15/15
 10592 | D:8      | Killed a death yak
 11153 | D:1      | Bought a scroll of magic mapping for 87 gold pieces
 11153 | D:1      | Bought a scroll labelled EMADEPHUU for 25 gold pieces
 11153 | D:1      | Bought a brown potion for 22 gold pieces
 11153 | D:1      | Bought a bubbling cyan potion for 22 gold pieces
 12670 | D:9      | Reached skill level 5 in Stealth
 13158 | D:9      | Found a radiant altar of Vehumet.
 13587 | D:10     | Entered Level 10 of the Dungeon
 13841 | D:10     | Found a staircase to the Orcish Mines.
 14056 | D:10     | Noticed a two-headed ogre
 14141 | D:9      | Killed a two-headed ogre
 14608 | D:10     | Reached skill level 1 in Armour
 14682 | D:10     | Reached ***** piety under Zin
 15178 | D:10     | Noticed Grum
 15197 | D:10     | Killed Grum
 15460 | Lair:1   | Entered Level 1 of the Lair of Beasts
 15460 | Lair:1   | Noticed Gastronok
 15516 | D:8      | Killed Gastronok
 15517 | D:8      | Reached skill level 10 in Fighting
 15517 | D:8      | Reached XP level 12. HP: 78/97 MP: 17/17
 17310 | Lair:1   | Noticed a four-headed hydra
 17377 | D:8      | HP: 3/99 [four-headed hydra (4)]
 18804 | Lair:3   | Found a hole to the Spider Nest.
 19397 | Lair:2   | HP: 3/100 [cane toad (22)]
 19665 | Lair:3   | Reached XP level 13. HP: 56/106 MP: 19/19
 20249 | Lair:3   | Found a runed translucent door.
 20249 | Lair:3   | Noticed Luytoaf's ghost (journeyman DECj)
 20249 | Lair:3   | Identified the +4 trident of the Thing {freeze, rElec rN+
                  | Str+4}
 20250 | Lair:3   | Identified the +10 falchion of Midwinter {drain, rN+ MP+9
                  | Str+2}
 20529 | Lair:3   | Killed Luytoaf's ghost
 21099 | Lair:4   | Found a staircase to the Swamp.
 21726 | Lair:5   | Reached skill level 5 in Armour
 22624 | Lair:6   | Entered Level 6 of the Lair of Beasts
 22743 | Lair:6   | Reached skill level 10 in Shields
 23712 | Orc:1    | Entered Level 1 of the Orcish Mines
 23726 | D:10     | Reached XP level 14. HP: 99/115 MP: 20/20
 23828 | Orc:2    | Entered Level 2 of the Orcish Mines
 24147 | D:11     | Identified a scroll of acquirement
 24147 | D:11     | Acquired a +2 helmet of see invisible
 24936 | D:12     | Noticed Kirke
 24969 | D:12     | Killed Kirke
 24989 | D:12     | Killed from afar by a meliai

Illustrated notes

Levels and vault maps discovered:
D:1:      co_arrival_square_in_a_square_in_a_square, layout_basic, serial_shops,
          shop
D:2:      layout_rooms, chequers_ecumenical_altar_island
D:3:      layout_rooms, kennysheep_vampire_church, grunt_decor_junction,
          hangedman_decor_opposing, uniq_natasha
D:4:      layout_basic, lightli_temple_of_fire
D:5:      layout_loops_ring, gammafunk_temple_overflow_forgotten, uniq_eustachio
D:6:      kennysheep_big_flooded_room, layout_gridville,
          nicolae_overflow_crystal_walls
D:7:      layout_gridville, minmay_temple_entry_offerings, abandoned_shop,
          grunt_gozag_statues, uniq_pikel, uniq_joseph, uniq_menkaure,
          uniq_prince_ribbit1
D:8:      layout_gridville, dpeg_lair_monsters
D:9:      layout_layer_cave, lemuel_tele_altar
D:10:     layout_stronghold, hiddenorc2_lemuel, serial_column_ruins,
          column_ruins_hut, column_ruins_grid_5, column_ruins_columns_corner,
          column_ruins_open_tiny, column_ruins_columns_straight,
          column_ruins_open_tiny, column_ruins_columns_water,
          column_ruins_corridor_straight, uniq_grum
D:11:     layout_irregular_city
D:12:     layout_loops_ring, uniq_kirke, uniq_azrael
Temple:   nicolae_temple_elliptical
Lair:1:   layout_cave_pods, lemuel_fruit_fields, grunt_megastairs_2,
          uniq_gastronok
Lair:2:   layout_layer_cave
Lair:3:   layout_cave_pods, spider_nest_entry_rubble,
          ebering_ghost_funeral_grove, forest_entry_grove
Lair:4:   layout_regular_city, nicolae_swamp_entry_splash_gauntlet,
          grunt_megastairs_5, serial_bayou_shore_a
Lair:5:   layout_long_grid, minmay_slime_entry_oklob_enclosed
Lair:6:   hangedman_lair_in_review, layout_gridlike, serial_bayou_shore_b
Orc:1:    layout_caves, basic_altar, led_sif_book
Orc:2:    grunt_orc_community_town_hall, layout_caves,
          grunt_orc_community_big_house_1, grunt_orc_community_big_house_1,
          grunt_orc_community_house_2, grunt_orc_community_house_1,
          grunt_orc_community_house_1, grunt_orc_community_house_3, basic_altar,
          uniq_erolcha, uniq_donald

Skill      XL: |  1  2  3  4  5  6  7  8  9 10 11 12 13 14 |
---------------+-------------------------------------------+-----
Stealth        | 1 2 3 5 |  5.7
Polearms       | 5 6 7 9 11 12 13 14 | 14.0
Fighting       | 3 4 6 7 8 10 11 12 | 12.3
Dodging        | 5 6 7 9 11 12 13 14 | 14.8
Invocations    | 1 2 3 6 7 8 9 |  9.4
Shields        | 4 6 7 9 10 | 10.0
Armour         | 1 4 5 |  5.3
Throwing       | |  2.0

Action                   |  1- 3 |  4- 6 |  7- 9 | 10-12 | 13-15 || total
-------------------------+-------+-------+-------+-------+-------++-------
Melee: Trident           |    47 |   118 |   119 |       |   505 ||   789
       Spear             |       |       |    81 |   900 |   132 ||  1113
 Fire: Hunting sling     |    28 |    72 |   105 |   106 |    17 ||   328
Throw: Boomerang         |     2 |       |       |       |       ||     2
Invok: Recite            |       |       |    11 |    12 |     5 ||    28
       Vitalisation      |       |       |     1 |    12 |     5 ||    18
  Use: Scroll            |     1 |     9 |     8 |     6 |     3 ||    27
       Potion            |       |     1 |       |     5 |     3 ||     9
 Stab: Sleeping          |     1 |       |     1 |     6 |     7 ||    15
       Confused          |       |       |       |     4 |       ||     4
       Paralysed         |       |       |       |     2 |     1 ||     3
       Distracted        |       |       |       |     1 |       ||     1
Armor: Leather armour    |    14 |    40 |    35 |    85 |    99 ||   273
Dodge: Dodged            |    42 |   103 |   118 |   395 |   333 ||   991
       Repelled          |       |     1 |       |     1 |     1 ||     3
Block: Kite shield       |       |       |    25 |   377 |   333 ||   735

Table legend: (Time is in decaauts)
 A = Elapsed time spent in this place.
 B = Non-inter-level travel time spent in this place.
 C = Inter-level travel time spent in this place.
 D = Time resting spent in this place.
 E = Time spent auto-exploring this place.
 F = Levels seen in this place.
 G = Mean time per level.
                   A        B        C        D        E       F      G
               +--------+--------+--------+--------+--------+-----+--------+
         Total |  24498 |  22921 |   1577 |   1121 |  16896 |  21 | 1166.6 |
       Dungeon |  17323 |  16173 |   1150 |   1070 |  11790 |  12 | 1443.6 |
        Temple |      7 |      7 |      0 |      0 |      3 |   1 |    7.0 |
          Lair |   7032 |   6616 |    416 |     51 |   5013 |   6 | 1172.0 |
  Orcish Mines |    135 |    125 |     10 |      0 |     89 |   2 |   67.5 |
               +--------+--------+--------+--------+--------+-----+--------+

Top non-repeatable levels by time:
     D:8: 2599 daAuts
     D:9: 2507 daAuts
     D:4: 1943 daAuts
  Lair:1: 1730 daAuts
  Lair:3: 1718 daAuts
    D:10: 1649 daAuts
     D:5: 1485 daAuts
     D:1: 1412 daAuts
     D:7: 1375 daAuts
     D:6: 1281 daAuts
  Lair:5: 1216 daAuts
     D:3: 1137 daAuts
  Lair:4: 1002 daAuts
     D:2: 910 daAuts
  Lair:2: 871 daAuts
